TOP OF THE 1ST |
Virginia Cavaliers batting - Pitching for Minnesota Golden Gophers : LHP Lúcio López
|
Pitching: LHP Lúcio López
|
|
Batting: RHB Carl Curry
|
0-0: Called Strike 0-1: Called Strike 0-2: Ball 1-2: Strikes out swinging
|
Batting: LHB Randy Pérez
|
0-0: Ball 1-0: Ball 2-0: Foul Ball, location: 2F 2-1: Ball 3-1: Base on Balls
|
Batting: RHB Mark Whiffen
|
0-0: Called Strike Randy Pérez is caught stealing 2nd base 0-1: Ball 1-1: Fly out, F3 (Popup, 34)
|
Top of the 1st over - 0 run(s), 0 hit(s), 0 error(s), 0 left on base; Virginia 0 - Minnesota 0 |
BOTTOM OF THE 1ST |
Minnesota Golden Gophers batting - Pitching for Virginia Cavaliers : RHP Michael Waller
|
Pitching: RHP Michael Waller
|
|
Batting: LHB Arturo Nieves
|
0-0: Ball 1-0: Ball 2-0: Swinging Strike 2-1: Ball 3-1: Foul Ball, location: 2F 3-2: SINGLE (Flyball, 8LS)
|
Batting: LHB Will Rhodes
|
0-0: Called Strike Arturo Nieves steals 2nd base 0-1: Foul Ball, location: 2F 0-2: Ball 1-2: Ball 2-2: Foul Ball, location: 2F 2-2: Foul Ball, location: 2F 2-2: Ball 3-2: Foul Ball, location: 2F 3-2: Foul Ball, location: 2F 3-2: Foul Ball, location: 2F 3-2: Base on Balls
|
Batting: RHB Mike Martínez
|
0-0: Ball 1-0: Ball 2-0: Ball 3-0: Called Strike 3-1: Base on Balls Arturo Nieves to third Will Rhodes to second
|
Batting: RHB James Morris
|
0-0: SINGLE (Groundball, 56D) Arturo Nieves scores Will Rhodes to third Mike Martínez to second
|
Batting: LHB Scott Rivera
|
0-0: Foul Ball, location: 2F 0-1: Ball 1-1: Swinging Strike 1-2: Ball 2-2: Ball 3-2: Strikes out swinging
|
Batting: RHB Marvin Roberts
|
0-0: Ball 1-0: Foul Ball, location: 2F 1-1: Swinging Strike 1-2: Ball 2-2: Strikes out looking
|
Batting: RHB Pedro García
|
0-0: Ball 1-0: Fielders Choice at 2nd, 6-4 (Groundball, 6)
|
Bottom of the 1st over - 1 run(s), 2 hit(s), 0 error(s), 2 left on base; Virginia 0 - Minnesota 1 |
TOP OF THE 2ND |
Virginia Cavaliers batting - Pitching for Minnesota Golden Gophers : LHP Lúcio López
|
Batting: LHB Marvin MacGruder
|
0-0: Ball 1-0: Foul Ball, location: 2F 1-1: DOUBLE (Flyball, 89D)
|
Batting: RHB Nick Stephenson
|
0-0: Called Strike 0-1: Fly out, F8 (Flyball, 78M)
|
Batting: LHB António Machado
|
0-0: Ball 1-0: SINGLE (Groundball, 4MD) Marvin MacGruder to third Runner from 3rd tries for Home, SAFE, no throw
|
Batting: RHB Bert Larson
|
0-0: Ball 1-0: Ball 2-0: Fly out, F9 (Line Drive, 9S)
|
Batting: LHB Jack Davis
|
0-0: Ball António Machado steals 2nd base 1-0: Ball 2-0: SINGLE (Line Drive, 4MD) António Machado to third Runner from 3rd tries for Home, SAFE, throw made home
|
Batting: LHB Brett Anderson
|
0-0: Ball 1-0: Called Strike 1-1: Swinging Strike 1-2: Ball 2-2: Strikes out swinging
|
Top of the 2nd over - 2 run(s), 3 hit(s), 0 error(s), 1 left on base; Virginia 2 - Minnesota 1 |
BOTTOM OF THE 2ND |
Minnesota Golden Gophers batting - Pitching for Virginia Cavaliers : RHP Michael Waller
|
Batting: SHB Enrique Stevenson
|
0-0: Ball 1-0: Ball 2-0: SINGLE (Line Drive, 9LM)
|
Batting: RHB Jorge Morán
|
0-0: Called Strike Enrique Stevenson steals 2nd base 0-1: Foul Ball, location: 2F 0-2: Ball 1-2: SINGLE (Flyball, 7S) Enrique Stevenson to third Runner from 3rd tries for Home, SAFE, no throw
|
Batting: LHB Arturo Nieves
|
0-0: Ball 1-0: Ball 2-0: SINGLE (Groundball, 34D) Jorge Morán to second Runner from 2nd tries for 3rd, SAFE, throw made to third
|
Batting: LHB Will Rhodes
|
0-0: Ball 1-0: Called Strike 1-1: Ball 2-1: Swinging Strike 2-2: Foul Ball, location: 2F 2-2: Ball 3-2: Foul Ball, location: 2F 3-2: Foul Ball, location: 2F 3-2: Foul Ball, location: 2F 3-2: Foul Ball, location: 2F 3-2: SINGLE (Line Drive, 78M) Jorge Morán scores Arturo Nieves to second
|
Batting: RHB Mike Martínez
|
0-0: Called Strike 0-1: Ball 1-1: Swinging Strike 1-2: Fly out, F8 (Line Drive, 8RM)
|
Batting: RHB James Morris
|
0-0: Ball Arturo Nieves steals 3rd base Will Rhodes to second 1-0: Reached on error, E5 (Groundball, 56) Arturo Nieves scores Will Rhodes scores
|
Batting: LHB Scott Rivera
|
0-0: Ball 1-0: Foul Ball, location: 2F 1-1: Ball 2-1: Swinging Strike 2-2: Foul Ball, location: 2F 2-2: Strikes out swinging
|
Batting: RHB Marvin Roberts
|
0-0: SINGLE (Groundball, 34D) James Morris to third Runner from 3rd tries for Home, SAFE, no throw
|
Batting: RHB Pedro García
|
0-0: Ball 1-0: Foul Ball, location: 2F 1-1: Called Strike 1-2: Foul Ball, location: 2F 1-2: Fielders Choice at 2nd, 5-4 (Groundball, 56)
|
Bottom of the 2nd over - 5 run(s), 5 hit(s), 1 error(s), 0 left on base; Virginia 2 - Minnesota 6 |
TOP OF THE 3RD |
Virginia Cavaliers batting - Pitching for Minnesota Golden Gophers : LHP Lúcio López
|
Batting: RHB Carl Curry
|
0-0: Called Strike 0-1: Ball 1-1: Swinging Strike 1-2: Strikes out swinging
|
Batting: LHB Randy Pérez
|
0-0: Called Strike 0-1: Ball 1-1: Swinging Strike 1-2: Ball 2-2: Foul Ball, location: 2F 2-2: SINGLE (Line Drive, 56D)
|
Batting: RHB Mark Whiffen
|
0-0: Foul Ball, location: 2F 0-1: Ball 1-1: Foul Ball, location: 2F 1-2: Ball Randy Pérez is caught stealing 2nd base 2-2: Ball 3-2: Foul Ball, location: 2F 3-2: Base on Balls
|
Batting: LHB Marvin MacGruder
|
0-0: Ball 1-0: Called Strike 1-1: Ball 2-1: Ball 3-1: Called Strike 3-2: Base on Balls Mark Whiffen to second
|
Batting: RHB Nick Stephenson
|
0-0: Ball 1-0: Ball 2-0: Ball 3-0: Called Strike 3-1: Called Strike 3-2: Foul Ball, location: 2F 3-2: Strikes out swinging
|
Top of the 3rd over - 0 run(s), 1 hit(s), 0 error(s), 2 left on base; Virginia 2 - Minnesota 6 |
BOTTOM OF THE 3RD |
Minnesota Golden Gophers batting - Pitching for Virginia Cavaliers : RHP Michael Waller
|
Batting: SHB Enrique Stevenson
|
0-0: Foul Ball, location: 2F 0-1: Ball 1-1: Ball 2-1: Ball 3-1: Fly out, F7 (Flyball, 7)
|
Pitching: RHP Jeff Paul
|
|
Batting: RHB Jorge Morán
|
0-0: Ground out 5-3 (Groundball, 56)
|
Batting: LHB Arturo Nieves
|
0-0: Foul Ball, location: 2F 0-1: SINGLE (Line Drive, 7LS)
|
Batting: LHB Will Rhodes
|
0-0: Fly out, F8 (Flyball, 8RM)
|
Bottom of the 3rd over - 0 run(s), 1 hit(s), 0 error(s), 1 left on base; Virginia 2 - Minnesota 6 |
TOP OF THE 4TH |
Virginia Cavaliers batting - Pitching for Minnesota Golden Gophers : LHP Lúcio López
|
Batting: LHB António Machado
|
0-0: Ball 1-0: Ball 2-0: Ball 3-0: Foul Ball, location: 2F 3-1: Swinging Strike 3-2: Strikes out swinging
|
Batting: RHB Bert Larson
|
0-0: Ball 1-0: DOUBLE (Flyball, 89D)
|
Batting: LHB Jack Davis
|
0-0: Ball 1-0: Ball 2-0: Ball 3-0: Base on Balls
|
Batting: LHB Brett Anderson
|
0-0: Called Strike 0-1: Ball Bert Larson steals 3rd base Jack Davis to second 1-1: Ball 2-1: Foul Ball, location: 2F 2-2: Ball 3-2: Foul Ball, location: 2F 3-2: Base on Balls
|
Batting: RHB Carl Curry
|
0-0: Called Strike 0-1: Ball 1-1: Fielders Choice at 2nd, 6-4 (Groundball, 56) Bert Larson scores Jack Davis to third
|
Pitching: RHP Mitch Dawson
|
|
Batting: LHB Randy Pérez
|
0-0: Ball 1-0: SINGLE (Line Drive, 34) Jack Davis scores Carl Curry to second
|
Batting: RHB Mark Whiffen
|
0-0: Ball 1-0: Called Strike 1-1: Ball 2-1: Foul Ball, location: 2F 2-2: Ball 3-2: Foul Ball, location: 2F 3-2: Ground out 5-3 (Groundball, 5)
|
Top of the 4th over - 2 run(s), 2 hit(s), 0 error(s), 2 left on base; Virginia 4 - Minnesota 6 |
BOTTOM OF THE 4TH |
Minnesota Golden Gophers batting - Pitching for Virginia Cavaliers : RHP Jeff Paul
|
Batting: RHB Mike Martínez
|
0-0: Ball 1-0: Ground out 5-3 (Groundball, 56)
|
Batting: RHB James Morris
|
0-0: Called Strike 0-1: Ball 1-1: Ball 2-1: Called Strike 2-2: DOUBLE (Line Drive, 9LM)
|
Batting: LHB Scott Rivera
|
0-0: Called Strike 0-1: Swinging Strike 0-2: Ball 1-2: Foul Ball, location: 2F 1-2: Foul Ball, location: 2F 1-2: SINGLE (Line Drive, 4M) James Morris to third
|
Batting: RHB Marvin Roberts
|
0-0: Ball 1-0: Foul Ball, location: 2F 1-1: Ball 2-1: Called Strike 2-2: Fly out, F8 (Flyball, 8RM) Runner from 3rd tags up, SCORES, throw made
|
Batting: RHB Pedro García
|
0-0: Ball 1-0: Swinging Strike 1-1: Called Strike 1-2: Foul Ball, location: 2F 1-2: Ball 2-2: Foul Ball, location: 2F 2-2: Foul Ball, location: 2F 2-2: Ball 3-2: Base on Balls Scott Rivera to second
|
Batting: SHB Enrique Stevenson
|
0-0: Called Strike 0-1: Foul Ball, location: 2F 0-2: Strikes out looking
|
Bottom of the 4th over - 1 run(s), 2 hit(s), 0 error(s), 2 left on base; Virginia 4 - Minnesota 7 |
TOP OF THE 5TH |
Virginia Cavaliers batting - Pitching for Minnesota Golden Gophers : RHP Mitch Dawson
|
Batting: LHB Marvin MacGruder
|
0-0: Foul Ball, location: 2F 0-1: DOUBLE (Groundball, 3L)
|
Batting: RHB Nick Stephenson
|
0-0: Called Strike 0-1: Foul Ball, location: 2F 0-2: Ball 1-2: Strikes out looking
|
Batting: LHB António Machado
|
0-0: Called Strike 0-1: Fly out, F8 (Flyball, 8LM)
|
Batting: RHB Bert Larson
|
0-0: Called Strike 0-1: Foul Ball, location: 2F 0-2: Ball 1-2: Strikes out looking
|
Top of the 5th over - 0 run(s), 1 hit(s), 0 error(s), 1 left on base; Virginia 4 - Minnesota 7 |
BOTTOM OF THE 5TH |
Minnesota Golden Gophers batting - Pitching for Virginia Cavaliers : RHP Jeff Paul
|
Batting: RHB Jorge Morán
|
0-0: Ball 1-0: Called Strike 1-1: Ball 2-1: Foul Ball, location: 2F 2-2: SINGLE (Flyball, 8LS)
|
Batting: LHB Arturo Nieves
|
0-0: Ball Jorge Morán steals 2nd base 1-0: Swinging Strike 1-1: Ball 2-1: Foul Ball, location: 2F 2-2: Ball 3-2: Strikes out swinging
|
Batting: LHB Will Rhodes
|
0-0: Ball 1-0: Ground out 4-3 (Groundball, 4S) Jorge Morán to third
|
Batting: RHB Mike Martínez
|
0-0: Called Strike 0-1: SINGLE (Line Drive, 7S) Jorge Morán scores
|
Batting: RHB James Morris
|
0-0: Foul Ball, location: 2F 0-1: Ball 1-1: Called Strike 1-2: Strikes out swinging
|
Bottom of the 5th over - 1 run(s), 2 hit(s), 0 error(s), 1 left on base; Virginia 4 - Minnesota 8 |
TOP OF THE 6TH |
Virginia Cavaliers batting - Pitching for Minnesota Golden Gophers : RHP Mitch Dawson
|
Batting: LHB Jack Davis
|
0-0: Called Strike 0-1: Ball 1-1: Ball 2-1: Foul Ball, location: 2F 2-2: Ground out U3 (Groundball, 3)
|
Batting: LHB Brett Anderson
|
0-0: SOLO HOME RUN (Flyball, 9D), Distance : 367 ft
|
Batting: RHB Carl Curry
|
0-0: Ball 1-0: Swinging Strike 1-1: Ball 2-1: Ball 3-1: Base on Balls
|
Batting: LHB Randy Pérez
|
0-0: Ball Carl Curry steals 2nd base 1-0: Ball Wild Pitch! Carl Curry to third 2-0: Called Strike 2-1: Foul Ball, location: 2F 2-2: Ball 3-2: Base on Balls
|
Batting: RHB Mark Whiffen
|
0-0: Ball 1-0: Ball 2-0: Fly out, F6 (Line Drive, 6)
|
Batting: LHB Marvin MacGruder
|
0-0: Ball 1-0: SINGLE (Line Drive, 4) Carl Curry scores Randy Pérez to second Runner from 2nd tries for 3rd, SAFE, no throw
|
Pitching: RHP Jack Dorsey
|
|
Batting: RHB Nick Stephenson
|
0-0: Ball 1-0: Swinging Strike 1-1: Foul Ball, location: 2F 1-2: Ball 2-2: Ball Throwing error on steal attempt, E2 Randy Pérez scores Marvin MacGruder to third 3-2: Base on Balls
|
Batting: LHB António Machado
|
0-0: Ball 1-0: SINGLE (Groundball, 34D) Marvin MacGruder scores Nick Stephenson to second Runner from 2nd tries for 3rd, SAFE, throw made to third
|
Batting: RHB Bert Larson
|
0-0: Swinging Strike 0-1: Foul Ball, location: 2F 0-2: Foul Ball, location: 2F 0-2: Strikes out swinging
|
Top of the 6th over - 4 run(s), 3 hit(s), 1 error(s), 2 left on base; Virginia 8 - Minnesota 8 |
BOTTOM OF THE 6TH |
Minnesota Golden Gophers batting - Pitching for Virginia Cavaliers : RHP Jeff Paul
|
Pitching: RHP Matt Howard
|
|
Batting: LHB Scott Rivera
|
0-0: Called Strike 0-1: Ball 1-1: SINGLE (Line Drive, 8RS)
|
Batting: RHB Marvin Roberts
|
0-0: Ball 1-0: Called Strike 1-1: Ball 2-1: Foul Ball, location: 2F 2-2: Fly out, F9 (Line Drive, 89M)
|
Batting: RHB Pedro García
|
0-0: Fly out, F9 (Flyball, 89M)
|
Batting: SHB Enrique Stevenson
|
0-0: Foul Ball, location: 2F 0-1: Ball 1-1: Fly out, F3 (Popup, 3L)
|
Bottom of the 6th over - 0 run(s), 1 hit(s), 0 error(s), 1 left on base; Virginia 8 - Minnesota 8 |
TOP OF THE 7TH |
Virginia Cavaliers batting - Pitching for Minnesota Golden Gophers : RHP Jack Dorsey
|
Batting: LHB Jack Davis
|
0-0: Ground out 6-3 (Groundball, 6)
|
Batting: LHB Brett Anderson
|
0-0: SINGLE (Line Drive, 5)
|
Batting: RHB Carl Curry
|
0-0: Ball 1-0: Grounds into double play, 4-6-3 (Groundball, 4)
|
Top of the 7th over - 0 run(s), 1 hit(s), 0 error(s), 0 left on base; Virginia 8 - Minnesota 8 |
BOTTOM OF THE 7TH |
Minnesota Golden Gophers batting - Pitching for Virginia Cavaliers : RHP Matt Howard
|
Pinch Hitting: LHB Emory Lawson
|
0-0: Ball 1-0: Called Strike 1-1: Fly out, F7 (Flyball, 78M)
|
Batting: LHB Arturo Nieves
|
0-0: Ball 1-0: Called Strike 1-1: Ball 2-1: Ground out U3 (Groundball, 3)
|
Batting: LHB Will Rhodes
|
0-0: Called Strike 0-1: Ground out 3-1 (Groundball, 34)
|
Bottom of the 7th over - 0 run(s), 0 hit(s), 0 error(s), 0 left on base; Virginia 8 - Minnesota 8 |
TOP OF THE 8TH |
Virginia Cavaliers batting - Pitching for Minnesota Golden Gophers : RHP Jack Dorsey
|
Now at 2B: Travis Alexander
|
|
Batting: LHB Randy Pérez
|
0-0: Called Strike 0-1: Swinging Strike 0-2: Ground out 1-3 (Groundball, 13)
|
Batting: RHB Mark Whiffen
|
0-0: Called Strike 0-1: Ball 1-1: Ball 2-1: Ball 3-1: Foul Ball, location: 2F 3-2: Strikes out looking
|
Batting: LHB Marvin MacGruder
|
0-0: Ball 1-0: Ball 2-0: Foul Ball, location: 2F 2-1: Ball 3-1: SINGLE (Groundball, 6) (infield hit)
|
Batting: RHB Nick Stephenson
|
0-0: Swinging Strike 0-1: Ball 1-1: Foul Ball, location: 2F 1-2: Foul Ball, location: 2F 1-2: Strikes out swinging
|
Top of the 8th over - 0 run(s), 1 hit(s), 0 error(s), 1 left on base; Virginia 8 - Minnesota 8 |
BOTTOM OF THE 8TH |
Minnesota Golden Gophers batting - Pitching for Virginia Cavaliers : RHP Matt Howard
|
Batting: RHB Mike Martínez
|
0-0: Foul Ball, location: 2F 0-1: Swinging Strike 0-2: Ball 1-2: Strikes out swinging
|
Batting: RHB James Morris
|
0-0: Called Strike 0-1: Called Strike 0-2: Ball 1-2: Strikes out looking
|
Batting: LHB Scott Rivera
|
0-0: Called Strike 0-1: Foul Ball, location: 2F 0-2: Ground out 4-3 (Groundball, 34D)
|
Bottom of the 8th over - 0 run(s), 0 hit(s), 0 error(s), 0 left on base; Virginia 8 - Minnesota 8 |
TOP OF THE 9TH |
Virginia Cavaliers batting - Pitching for Minnesota Golden Gophers : RHP Jack Dorsey
|
Pitching: RHP Rafael Luna
|
|
Batting: LHB António Machado
|
0-0: Ball 1-0: Called Strike 1-1: Swinging Strike 1-2: Foul Ball, location: 2F 1-2: Strikes out looking
|
Batting: RHB Bert Larson
|
0-0: Called Strike 0-1: Ground out 5-3 (Groundball, 56)
|
Batting: LHB Jack Davis
|
0-0: SINGLE (Groundball, 34D)
|
Batting: LHB Brett Anderson
|
0-0: Foul Ball, location: 2F 0-1: Fly out, F2 (Popup, 5S)
|
Top of the 9th over - 0 run(s), 1 hit(s), 0 error(s), 1 left on base; Virginia 8 - Minnesota 8 |
BOTTOM OF THE 9TH |
Minnesota Golden Gophers batting - Pitching for Virginia Cavaliers : RHP Matt Howard
|
Batting: RHB Marvin Roberts
|
0-0: Fly out, F7 (Flyball, 7)
|
Batting: RHB Pedro García
|
0-0: Ground out 3-1 (Groundball, 34)
|
Batting: SHB Enrique Stevenson
|
0-0: Ball 1-0: Called Strike 1-1: Ground out 4-3 (Groundball, 4)
|
Bottom of the 9th over - 0 run(s), 0 hit(s), 0 error(s), 0 left on base; Virginia 8 - Minnesota 8 |
TOP OF THE 10TH |
Virginia Cavaliers batting - Pitching for Minnesota Golden Gophers : RHP Rafael Luna
|
Batting: RHB Carl Curry
|
0-0: Ball 1-0: Called Strike 1-1: Ball 2-1: Foul Ball, location: 2F 2-2: Strikes out swinging
|
Batting: LHB Randy Pérez
|
0-0: Ball 1-0: Swinging Strike 1-1: Ball 2-1: Fly out, F7 (Flyball, 7LSF)
|
Batting: RHB Mark Whiffen
|
0-0: Ball 1-0: Called Strike 1-1: Fly out, F2 (Popup, 25)
|
Top of the 10th over - 0 run(s), 0 hit(s), 0 error(s), 0 left on base; Virginia 8 - Minnesota 8 |
BOTTOM OF THE 10TH |
Minnesota Golden Gophers batting - Pitching for Virginia Cavaliers : RHP Matt Howard
|
Batting: RHB Travis Alexander
|
0-0: Foul Ball, location: 2F 0-1: Ball 1-1: Ball 2-1: Fly out, F7 (Flyball, 78S)
|
Batting: LHB Arturo Nieves
|
0-0: Ground out 3-1 (Groundball, 34)
|
Batting: LHB Will Rhodes
|
0-0: Ball 1-0: Ball 2-0: Ball 3-0: Base on Balls
|
Batting: RHB Mike Martínez
|
0-0: Ball 1-0: Ball 2-0: SINGLE (Line Drive, 89S) Will Rhodes to second Runner from 2nd tries for 3rd, SAFE, no throw
|
Batting: RHB James Morris
|
0-0: Called Strike 0-1: Foul Ball, location: 2F 0-2: Strikes out swinging
|
Bottom of the 10th over - 0 run(s), 1 hit(s), 0 error(s), 2 left on base; Virginia 8 - Minnesota 8 |
TOP OF THE 11TH |
Virginia Cavaliers batting - Pitching for Minnesota Golden Gophers : RHP Rafael Luna
|
Pitching: RHP Nick Hanson
|
|
Batting: LHB Marvin MacGruder
|
0-0: Ball 1-0: Foul Ball, location: 2F 1-1: Ball 2-1: Foul Ball, location: 2F 2-2: Fly out, F8 (Flyball, 8RM)
|
Batting: RHB Nick Stephenson
|
0-0: Called Strike 0-1: Foul Ball, location: 2F 0-2: Ball 1-2: Fly out, F9 (Flyball, 9S)
|
Batting: LHB António Machado
|
0-0: Fly out, F7 (Flyball, 7LMF)
|
Top of the 11th over - 0 run(s), 0 hit(s), 0 error(s), 0 left on base; Virginia 8 - Minnesota 8 |
BOTTOM OF THE 11TH |
Minnesota Golden Gophers batting - Pitching for Virginia Cavaliers : RHP Matt Howard
|
Pitching: RHP Ben Ellison
|
|
Batting: LHB Scott Rivera
|
0-0: Ball 1-0: Called Strike 1-1: Swinging Strike 1-2: Ground out 1-3 (Groundball, P)
|
Batting: RHB Marvin Roberts
|
0-0: Ball 1-0: Swinging Strike 1-1: Foul Ball, location: 2F 1-2: Fly out, F8 (Flyball, 8LM)
|
Batting: RHB Pedro García
|
0-0: Called Strike 0-1: Ball 1-1: Foul Ball, location: 2F 1-2: SINGLE (Line Drive, 6MD)
|
Batting: SHB Enrique Stevenson
|
0-0: Fly out, F7 (Line Drive, 78M)
|
Bottom of the 11th over - 0 run(s), 1 hit(s), 0 error(s), 1 left on base; Virginia 8 - Minnesota 8 |
TOP OF THE 12TH |
Virginia Cavaliers batting - Pitching for Minnesota Golden Gophers : RHP Nick Hanson
|
Batting: RHB Bert Larson
|
0-0: Ball 1-0: SINGLE (Line Drive, 6D)
|
Batting: LHB Jack Davis
|
0-0: Called Strike 0-1: Swinging Strike 0-2: Foul Ball, location: 2F 0-2: Ball 1-2: Foul Ball, location: 2F 1-2: Ball 2-2: Foul Ball, location: 2F 2-2: Foul Ball, location: 2F 2-2: Ball 3-2: Strikes out looking
|
Batting: LHB Brett Anderson
|
0-0: Foul Ball, location: 2F 0-1: Ball Passed Ball! Bert Larson to second 1-1: Fly out, F8 (Flyball, 8LM)
|
Batting: RHB Carl Curry
|
0-0: Intentional Walk
|
Batting: LHB Randy Pérez
|
0-0: Ball 1-0: Foul Ball, location: 2F 1-1: Fielders Choice at 2nd, 4-6 (Groundball, 4)
|
Top of the 12th over - 0 run(s), 1 hit(s), 0 error(s), 1 left on base; Virginia 8 - Minnesota 8 |
BOTTOM OF THE 12TH |
Minnesota Golden Gophers batting - Pitching for Virginia Cavaliers : RHP Ben Ellison
|
Batting: RHB Travis Alexander
|
0-0: Swinging Strike 0-1: Ball 1-1: Ball 2-1: Fly out, F6 (Line Drive, 6D)
|
Batting: LHB Arturo Nieves
|
0-0: Swinging Strike 0-1: SINGLE (Flyball, 8LS)
|
Batting: LHB Will Rhodes
|
0-0: Ball 1-0: Ball 2-0: Ball 3-0: Called Strike 3-1: Swinging Strike 3-2: Strikes out looking
|
Batting: RHB Mike Martínez
|
0-0: 2-RUN HOME RUN (Flyball, 7D), Distance : 357 ft
|
Tuesday, August 8th, 2017 - OOTP Baseball 17.12 Build 75
|
|